 Dungeon Crawl Stone Soup version 0.29.0-11-gd7f09526c8 (webtiles) character file.

Game seed: 17887483689521266395

24 pacmanke6689 the Stinger (level 3, 0/24 HPs)
             Began as a Human Venom Mage on Sept 4, 2022.
             Slain by a jackal (1 damage)
             ... on level 1 of the Dungeon.
             The game lasted 00:05:21 (944 turns).

pacmanke6689 the Stinger (Human Venom Mage)          Turns: 944, Time: 00:05:21

Health: 0/24       AC:  2    Str:  8    XL:     3   Next: 15%
Magic:  4/6        EV: 12    Int: 17    God:
Gold:   19         SH:  0    Dex: 13    Spells: 3/6 levels left

rFire   . . .      SeeInvis .   (no weapon)
rCold   . . .      Faith    .   (no shield)
rNeg    . . .      Spirit   .   a - +0 robe
rPois   .          Reflect  .   (no helmet)
rElec   .          Harm     .   (no cloak)
rCorr   .          Rampage  .   (no gloves)
Will    .....                   (no boots)
Stlth   ++........              (no amulet)
HPRegen 0.08/turn               (no ring)
MPRegen 0.10/turn               (no ring)

@: very slightly contaminated
A: no striking features
a: no special abilities


You were on level 1 of the Dungeon.
You visited 1 branch of the dungeon, and saw 1 of its levels.

You collected 19 gold pieces.

Inventory:

Armour
 a - a +0 robe (worn)
Scrolls
 c - a scroll of teleportation {unknown}
 f - a scroll of vulnerability {unknown}
 h - a scroll of noise {unknown}
 i - a scroll of identify {unknown}
Potions
 d - a potion of curing {unknown}
 e - a potion of berserk rage {unknown}
 g - a potion of flight {unknown}


   Skills:
 + Level 2.1 Dodging
 + Level 2.0 Stealth
 + Level 2.4 Spellcasting
 + Level 1.4 Transmutations
 + Level 0.3 Air Magic
 + Level 3.3 Poison Magic


You had 3 spell levels left.
You knew the following spells:

 Your Spells              Type           Power      Damage    Failure   Level
a - Sting                 Tmut/Pois      40%        1d5       7%          1
b - Poisonous Vapours     Pois/Air       16%        N/A       13%         2

Your spell library contained the following spells:

 Spells                   Type           Power      Damage    Failure   Level
 Mephitic Cloud           Conj/Pois/Air  6%         N/A       34%         3
 Olgreb's Toxic Radiance  Pois           13%        N/A       43%         4


Dungeon Overview and Level Annotations

Branches:
Dungeon (1/15)

Altars:


Message History

The jackal bites you but does no damage.
You barely miss the jackal. The jackal closely misses you.
You hit the jackal but do no damage. The jackal closely misses you.
The jackal barely misses you.
You closely miss the jackal. The jackal completely misses you.
You closely miss the jackal. The jackal completely misses you.
You barely miss the jackal.
The jackal bites you but does no damage.
The jackal bites you.
* * * LOW HITPOINT WARNING * * *
You barely miss the jackal. The jackal closely misses you.
You miss the jackal. The jackal closely misses you. The jackal misses you.
You barely miss the jackal. The jackal closely misses you.
Magic courses through your body. The jackal misses you.
Casting: Sting (safe; 7% risk of failure)
Confirm with . or Enter, or press ? or * to list all spells.
Aiming: Sting (safe; 7% risk of failure)
Press: ? - help, Shift-Dir - straight line, f/p - jackal
Aim: a jackal (64% to hit)
The sting hits the jackal but does no damage.
The jackal is poisoned.
The jackal bites you.
* * * LOW HITPOINT WARNING * * *
The jackal bites you but does no damage.
Casting: Sting (safe; 7% risk of failure)
Confirm with . or Enter, or press ? or * to list all spells.
Aiming: Sting (safe; 7% risk of failure)
Press: ? - help, Shift-Dir - straight line, f/p - jackal
Aim: a jackal (poisoned, 64% to hit)
The sting misses the jackal.
The jackal barely misses you.
Casting: Sting (safe; 7% risk of failure)
Confirm with . or Enter, or press ? or * to list all spells.
Aiming: Sting (safe; 7% risk of failure)
Press: ? - help, Shift-Dir - straight line, f/p - jackal
Aim: a jackal (moderately wounded, poisoned, 64% to hit)
You miscast Sting.
You are very lightly contaminated with residual magic.
Nothing appears to happen.
The jackal bites you.
* * * LOW HITPOINT WARNING * * *
The jackal bites you.
You die...

##..#######
#....# ##.#.#
#.#.# #...#
##..# #####
#..#
#...#######..##
#@h....†...[..#
#..?#######...#
##......bh....#
#..#######.#.#
#..# #.#.# ...#
#.#.# ###.#
#.#.# #.# #.#.#
#...#


You could see a jackal (poisoned).

Vanquished Creatures
  2 ball pythons (D:1)
  2 giant cockroaches (D:1)
  4 goblins (D:1)
  A hobgoblin (D:1)
  3 jackals (D:1)
  3 bats (D:1)
  A frilled lizard (D:1)
  6 kobolds (D:1)
  A rat (D:1)
23 creatures vanquished.

Notes
Turn   | Place    | Note
-------+----------+-------------------------------------------
     0 | D:1      | pacmanke6689 the Human Venom Mage began the quest for the
                  | Orb.
     0 | D:1      | Reached XP level 1. HP: 13/13 MP: 3/3
   275 | D:1      | Reached XP level 2. HP: 19/19 MP: 1/5
   480 | D:1      | Learned a level 2 spell: Poisonous Vapours
   572 | D:1      | Found a faded altar of an unknown god.
   888 | D:1      | Reached XP level 3. HP: 24/24 MP: 0/6
   944 | D:1      | HP: 1/24 [jackal (1)]
   944 | D:1      | Slain by a jackal

Illustrated notes

Levels and vault maps discovered:
D:1:      lightli_arrival_lavapool, layout_loops_ring,
          hellmonk_ecumenical_altar_pennies_from_heaven

Action                   || total
-------------------------++-------
Melee: Unarmed           ||    41
 Cast: Sting             ||    31
       Poisonous Vapours ||    10
  Use: Potion            ||     1
Armor: Robe              ||    14
Dodge: Dodged            ||    54
